AoeStats
← toul35

MegaRandom

509730140Analyzed
3v3 RM · 3d ago on Sep 27, 2026· 58m 5s· 6 players
Game mode
Random Map
Map size
Normal (6 player)
Population
200
Speed
Normal
Resources
Standard
Victory
Conquest
Starting age
Dark Age
Ending age
Imperial Age
RankedLock teamsTeams togetherTeam positionsShared explorationLock speedFull tech treeHidden civsTurbo modeCheats
Victory
Defeat
🇧🇷 Saracens · Brazil
1205
+13
🇵🇪 Ethiopians · Peru
1105
+17
🇫🇷 Lithuanians · France
1058
+18
🇭🇷 Vikings · Croatia
1137
-17
🇫🇷 Hindustanis · France
1131
-16
🇸🇪 Franks · Sweden
1100
-15
toul35
10:38 Feudal Age
8:56 Loom
10:44 Feudal Age
14:27 Wheelbarrow
16:41 Castle Age
16:02 Gold Mining
15:54 Horse Collar
17:14 Forging
18:16 Bloodlines
20:57 Iron Casting
20:33 Husbandry
21:55 Double-Bit Axe
22:52 Scale Barding Armor
28:07 Hand Cart
28:16 Chain Barding Armor
27:57 Scale Mail Armor
30:16 Chain Mail Armor
30:46 Stone Mining
32:55 Fletching
33:05 Padded Archer Armor
33:47 Elite Skirmisher
34:49 Bodkin Arrow
35:26 Squires
38:23 Imperial Age
37:01 Bow Saw
40:03 Conscription
41:17 Blast Furnace
41:03 Leather Archer Armor
41:19 Caravan
42:06 Bracer
43:48 Ring Archer Armor
44:36 Coinage
47:35 Elite Ghulam
50:44 Pikeman
54:00 Town Watch
56:26 Pikeman
Filip_jede_Meso
6:57 Loom
9:19 Feudal Age
10:01 Man-at-Arms
15:27 Fletching
16:34 Double-Bit Axe
26:56 Castle Age
24:39 Horse Collar
26:10 Gold Mining
27:25 Scale Mail Armor
27:35 Forging
30:55 Squires
34:32 Chain Mail Armor
34:53 Iron Casting
35:50 Heavy Plow
40:41 Bow Saw
43:58 Imperial Age
43:33 Arson
43:56 Town Watch
44:01 Elite Varangian Guard
45:13 Plate Mail Armor
45:44 Blast Furnace
FatBoyJumps
1:17 Loom
10:36 Feudal Age
16:13 Castle Age
36:50 Double-Bit Axe
41:56 Elite Skirmisher
42:55 Padded Archer Armor
44:16 Fletching
45:01 Bodkin Arrow
46:40 Leather Archer Armor
49:54 Wheelbarrow
49:05 Town Watch
53:24 Scale Mail Armor
53:34 Forging
54:25 Pikeman
55:08 Squires
Deja de llorar
6:27 Loom
9:47 Feudal Age
28:36 Castle Age
27:45 Double-Bit Axe
30:01 Thumb Ring
29:16 Crossbowman
42:15 Forging
42:01 Fletching
42:12 Padded Archer Armor
Beuhfa
8:28 Loom
11:21 Feudal Age
14:00 Forging
14:43 Scale Barding Armor
14:32 Double-Bit Axe
14:28 Horse Collar
16:07 Bloodlines
22:31 Castle Age
27:24 Husbandry
29:36 Wheelbarrow
31:06 Gold Mining
31:54 Heavy Plow
32:19 Bow Saw
32:28 Hand Cart
34:03 Town Watch
35:01 Iron Casting
34:55 Man-at-Arms
35:57 Chain Barding Armor
35:40 Long Swordsman
36:23 Scale Mail Armor
38:53 Squires
39:11 Chain Mail Armor
40:18 Town Patrol
40:19 Stone Mining
44:09 Imperial Age
45:33 Plate Barding Armor
44:50 Elite Leitis
44:59 Cavalier
45:02 Two-Handed Swordsman
46:50 Conscription
46:15 Champion
48:26 Stone Shaft Mining
48:36 Hoardings
47:54 Fletching
49:10 Murder Holes
49:36 Ballistics
49:26 Masonry
49:17 Arson
51:01 Devotion
57:49 Chemistry
57:21 Architecture
57:47 Bodkin Arrow
caio_pantaneiro
2:51 Loom
9:18 Feudal Age
16:36 Double-Bit Axe
17:52 Forging
17:46 Fletching
22:38 Castle Age
21:36 Gold Mining
22:57 Crossbowman
23:34 Bodkin Arrow
25:11 Padded Archer Armor
34:03 Ballistics
37:56 Imperial Age
35:40 Scale Barding Armor
35:51 Leather Archer Armor
36:10 Bow Saw
35:59 Horse Collar
36:44 Stone Mining
37:20 Bloodlines
38:21 Iron Casting
38:01 Arbalester
38:48 Bracer
40:29 Chemistry
42:44 Gold Shaft Mining
42:35 Husbandry
47:30 Chain Barding Armor
48:48 Blast Furnace
51:21 Light Cavalry
54:50 Hussar
Connection lost

Rejoining the realm…

Still unreachable

The connection could not be restored.

Session expired

The server has moved on; the page needs a fresh start.